[Event "Monday 29 January Rapid Engine Tour 12+1 Rounds 9 Starts 1600 ST"]
[Site "Infinity Chess"]
[Date "2018.1.29"]
[Round "4"]
[White "Katzenmaier"]
[Black "IronMan"]
[Result "1/2-1/2"]
[ECO "B00"]
[WhiteElo "2480"]
[BlackElo "2406"]
[WhiteEngine "SugaR XPrO x64 POPCNT_CTG"]
[BlackEngine "SF SL FA 250118-IDeA"]
[EventType "Swiss"]
[WhiteTeam ""]
[BlackTeam ""]
[PlyCount "136"]
[TimeControl "720+1"]

1. e4 Nc6 2. Nc3 e5 3. g3 Bc5 4. d3 a5 5. Bg2 d6 6. Nge2 Nf6 7. O-O O-O 
8. h3 Rb8 9. a4 Re8 10. Kh2 Nb4 11. f4 c6 12. Nb1 h6 13. Nd2 Bb6 14. Nc4 Bc7 
15. fxe5 dxe5 16. Bd2 Be6 17. Ne3 Bb6 18. Nf5 Bc5 19. Bc3 Nd7 20. Be1 Qb6 
21. c3 Na6 22. d4 Bf8 23. Nxh6+ gxh6 24. d5 Bxh3 25. Bxh3 Ndc5 26. Ng1 Bg7 
27. Qe2 cxd5 28. exd5 Rbd8 29. c4 e4 30. Bc3 Nd3 31. Rab1 Nac5 32. Qh5 Ne5 
33. b3 Ncd3 34. Bf5 Ng6 35. Bd2 Rd6 36. Qe2 Rf6 37. Be3 Qd6 38. Bg4 Nge5 
39. Rxf6 Qxf6 40. Bh3 Ng6 41. Kh1 Qe5 42. Qg2 Bf8 43. Rf1 Qg7 44. Bd7 Re5 
45. Bf5 Bc5 46. Bxc5 Nxc5 47. d6 Nf8 48. g4 Re8 49. Qd2 b6 50. Qd5 e3 
51. Ne2 Rd8 52. b4 axb4 53. a5 Qb2 54. Bg6 Nxg6 55. Qxf7+ Kh8 56. Qxg6 Qg7 
57. Qf5 Rxd6 58. axb6 Qe7 59. Kg1 Rxb6 60. Qc8+ Kh7 61. Rf8 Rf6 62. Rh8+ Kg6 
63. Nd4 Qf7 64. Nf5 e2 65. Rg8+ Kh7 66. Rh8+ Kg6 67. Rg8+ Kh7 68. Rh8+ Kg6 
1/2-1/2

[Event "Monday 29 January Rapid Engine Tour 12+1 Rounds 9 Starts 1600 ST"]
[Site "Infinity Chess"]
[Date "2018.1.29"]
[Round "4"]
[White "Thinker"]
[Black "Satria_Ungu"]
[Result "1/2-1/2"]
[ECO "C55"]
[WhiteElo "2387"]
[BlackElo "2356"]
[WhiteEngine "BrainFish_180128_x64_modern_CTG"]
[BlackEngine "Houdini 6_CTG"]
[EventType "Swiss"]
[WhiteTeam ""]
[BlackTeam ""]
[PlyCount "162"]
[TimeControl "720+1"]

1. e4 e5 2. Nf3 Nc6 3. Bc4 Nf6 4. d3 Bc5 5. c3 d6 6. O-O h6 7. h3 O-O 8. Re1 a5 
9. Nbd2 Be6 10. b3 Rb8 11. Bb5 Ba7 12. Nf1 Ne7 13. Ba3 Ng6 14. d4 c6 15. Bd3 Re8 
16. Ng3 b5 17. Bc1 Bb6 18. Be3 Qc7 19. a4 bxa4 20. Rxa4 Rbd8 21. Qc2 Rb8 
22. Raa1 Rbd8 23. Qc1 d5 24. dxe5 Bxe3 25. Qxe3 Nxe5 26. Nxe5 Qxe5 27. Qc5 Rb8 
28. Bc2 Nd7 29. Qxa5 Rb5 30. Qa4 Qxc3 31. exd5 Qxc2 32. dxe6 Rxe6 33. Rxe6 fxe6 
34. Qd4 Nf6 35. Ra8+ Kh7 36. Ra7 Qg6 37. Qc4 Qb1+ 38. Kh2 Qxb3 39. Qxc6 Qb2 
40. Re7 Rg5 41. Kg1 Qb1+ 42. Kh2 Qb2 43. Qf3 Rg6 44. Rc7 Qb5 45. Rc2 Qg5 
46. Kg1 Qb5 47. Re2 Qb1+ 48. Kh2 Qb8 49. Kh1 Qb1+ 50. Kh2 Qb8 51. Rc2 Nd5 
52. Rc6 Ne7 53. Rc3 Nd5 54. Rc6 Ne7 55. Rc1 Rf6 56. Qe2 Qf4 57. Rc2 Qb8 
58. Kg1 Qb1+ 59. Kh2 Qb8 60. Qd2 Qe5 61. Qd3+ Ng6 62. Re2 Qc7 63. Kg1 Qc1+ 
64. Nf1 Kg8 65. Rc2 Qe1 66. Qe3 Qxe3 67. Nxe3 Ne5 68. g3 g5 69. Rc5 Nd3 
70. Rc8+ Kg7 71. Rc7+ Rf7 72. Rxf7+ Kxf7 73. Kf1 Ne5 74. Ng4 Nxg4 75. hxg4 Kg6 
76. f3 e5 77. Ke2 h5 78. gxh5+ Kxh5 79. Ke3 Kg6 80. g4 Kf6 81. Ke4 Ke6 1/2-1/2

[Event "Monday 29 January Rapid Engine Tour 12+1 Rounds 9 Starts 1600 ST"]
[Site "Infinity Chess"]
[Date "2018.1.29"]
[Round "4"]
[White "hafaba"]
[Black "angriff"]
[Result "1/2-1/2"]
[ECO "A04"]
[WhiteElo "2463"]
[BlackElo "2402"]
[WhiteEngine "SF SL FA 26012018 POPCNT_CTG"]
[BlackEngine "Stockfish SL FA POPCNT_CTG"]
[EventType "Swiss"]
[WhiteTeam ""]
[BlackTeam ""]
[PlyCount "131"]
[TimeControl "720+1"]

1. Nf3 e6 2. d4 d5 3. Bf4 Nf6 4. e3 Bd6 5. Nbd2 b6 6. Bb5+ c6 7. Bd3 Bxf4 
8. exf4 O-O 9. O-O c5 10. Re1 Ba6 11. g3 Qc7 12. c4 Nbd7 13. Rc1 Rac8 
14. dxc5 bxc5 15. Qa4 Qd6 16. Ne5 Rc7 17. Ndf3 Qb6 18. Rc3 Bb7 19. Rb3 Qd6 
20. Bf1 d4 21. Bg2 h6 22. Qa3 Be4 23. Rb5 Bc2 24. Ra5 Rb8 25. Bf1 Rb6 
26. Bd3 Bxd3 27. Nxd3 Qf8 28. Nd2 Qc8 29. Qa4 Rb8 30. a3 h5 31. Qd1 Rb6 
32. b4 Ra6 33. Rxa6 Qxa6 34. Qa1 h4 35. bxc5 Nxc5 36. Nxc5 Rxc5 37. Qxd4 Rc8 
38. Kg2 Qb7+ 39. Kh3 Qc7 40. Ne4 hxg3 41. hxg3 Qa5 42. Nxf6+ gxf6 43. Rh1 Kg7 
44. Kg2 Qb6 45. Qxb6 axb6 46. Rc1 Kf8 47. Rb1 Rxc4 48. Rxb6 Ra4 49. Rb3 Kg7 
50. Re3 Kg6 51. Kf3 Kf5 52. Ke2 Kg4 53. Rb3 Ra6 54. Rd3 Ra5 55. Rf3 Ra4 
56. Rd3 Ra7 57. Kd2 e5 58. fxe5 fxe5 59. Re3 Ra5 60. Ke2 f5 61. a4 Rxa4 
62. Rxe5 f4 63. gxf4 Kxf4 64. Re7 Ra2+ 65. Kf1 Kf5 66. Kg2 1/2-1/2

[Event "Monday 29 January Rapid Engine Tour 12+1 Rounds 9 Starts 1600 ST"]
[Site "Infinity Chess"]
[Date "2018.1.29"]
[Round "4"]
[White "Dinkelberger"]
[Black "star99"]
[Result "1/2-1/2"]
[ECO "C65"]
[WhiteElo "2414"]
[BlackElo "2375"]
[WhiteEngine "stockfish_18012814_x64_modern_CTG"]
[BlackEngine "Cryptic AIL V2"]
[EventType "Swiss"]
[WhiteTeam ""]
[BlackTeam ""]
[PlyCount "151"]
[TimeControl "720+1"]

1. e4 e5 2. Nf3 Nc6 3. Bb5 Nf6 4. O-O Nxe4 5. Re1 Nd6 6. Bf1 Be7 7. Nxe5 Nxe5 
8. Rxe5 O-O 9. d4 Bf6 10. Re1 Re8 11. Bf4 Rxe1 12. Qxe1 Ne8 13. c3 d5 
14. Nd2 Bf5 15. Qe2 c6 16. Re1 h6 17. Nb3 b6 18. Nc1 Qd7 19. Nd3 Nd6 20. Qf3 Ne4 
21. Qd1 Rc8 22. h3 Bh4 23. Qh5 Bf6 24. Qd1 Bh4 25. a3 Re8 26. Re2 Re6 
27. Ne5 Qe8 28. Nd3 Bh7 29. Bc7 Qd7 30. Bb8 Bg5 31. Bh2 Bh4 32. Ne5 Qc8 
33. Nf3 Be7 34. Re1 Ng5 35. Ne5 f6 36. Ng4 Rxe1 37. Qxe1 Qd7 38. Ne3 Nf7 
39. Qd1 Bd6 40. h4 Bxh2+ 41. Kxh2 Nd6 42. Kg1 Qe6 43. g3 Ne4 44. Qe1 Nd6 
45. Qd1 b5 46. a4 a6 47. Kh2 Qe8 48. Qe2 g5 49. Ng4 Qxe2 50. Bxe2 Kg7 51. a5 Nc4 
52. Bxc4 bxc4 53. Ne3 h5 54. g4 gxh4 55. Kh3 hxg4+ 56. Kxh4 Bd3 57. Kxg4 Kg6 
58. Ng2 Bf5+ 59. Kf4 Bd3 60. Ne3 Kf7 61. Kg3 Ke6 62. Kf4 Kd6 63. Nf5+ Ke6 
64. Ne3 Kd7 65. Ng2 Kd6 66. Ke3 Bc2 67. Kd2 Be4 68. Nf4 Bf3 69. Ke3 Bd1 
70. Ng2 Ke6 71. Kf4 Bc2 72. Ne3 Bd3 73. Kf3 Bg6 74. Kf4 Bb1 75. Ng4 Bd3 76. Ne3 
1/2-1/2

[Event "Monday 29 January Rapid Engine Tour 12+1 Rounds 9 Starts 1600 ST"]
[Site "Infinity Chess"]
[Date "2018.1.29"]
[Round "4"]
[White "Dovahkiin"]
[Black "BraveDevil"]
[Result "1/2-1/2"]
[ECO "B23"]
[WhiteElo "2389"]
[BlackElo "2448"]
[WhiteEngine "BrainFish_180128_x64_modern_CTG"]
[BlackEngine "Cryptic AIL V2"]
[EventType "Swiss"]
[WhiteTeam ""]
[BlackTeam ""]
[PlyCount "127"]
[TimeControl "720+1"]

1. e4 c5 2. Nc3 Nc6 3. Nge2 Qb6 4. Nd5 Qd8 5. d4 cxd4 6. Nxd4 e6 7. Nc3 Nf6 
8. Nxc6 bxc6 9. e5 Nd5 10. Ne4 Qc7 11. f4 Qa5+ 12. Bd2 Qb6 13. Bd3 Nb4 
14. Bxb4 Qxb4+ 15. c3 Qxb2 16. O-O Qa3 17. Rb1 Be7 18. Kh1 Qa5 19. c4 Ba6 
20. Rf3 Rd8 21. Rh3 h6 22. Qe2 Bc8 23. Rg3 Kf8 24. Nd6 h5 25. Nxc8 Rxc8 
26. f5 h4 27. Rg4 Rh6 28. Rf1 exf5 29. Bxf5 Kg8 30. Rd4 Rd8 31. Rxd7 Rxd7 
32. Bxd7 Qc7 33. Rd1 g6 34. e6 f6 35. Qe4 f5 36. Qxc6 Qxc6 37. Bxc6 Kg7 
38. Rd7 Kf6 39. Rxa7 Kxe6 40. Bd7+ Kf7 41. a4 Rh8 42. Ra5 h3 43. c5 Kf6 
44. c6 Bd6 45. g3 Rb8 46. Rb5 Ra8 47. Rb1 Ra5 48. Kg1 Rc5 49. Rb2 Rc1+ 
50. Kf2 Ra1 51. Rb7 Rxa4 52. c7 Ra2+ 53. Ke1 Bxc7 54. Rxc7 Rxh2 55. Bb5 g5 
56. Rc6+ Ke5 57. Rc5+ Kd4 58. Rxf5 Rc2 59. Be2 h2 60. Rf1 Ke3 61. Rf3+ Kd4 
62. Rf1 Ke3 63. Rf3+ Kd4 64. Rf1 1/2-1/2

[Event "Monday 29 January Rapid Engine Tour 12+1 Rounds 9 Starts 1600 ST"]
[Site "Infinity Chess"]
[Date "2018.1.29"]
[Round "4"]
[White "Marsell"]
[Black "RonWeasley"]
[Result "1/2-1/2"]
[ECO "C11"]
[WhiteElo "2460"]
[BlackElo "2457"]
[WhiteEngine "asmFishW_2018-01-11_popcnt"]
[BlackEngine "BrainFish 060118_CTG"]
[EventType "Swiss"]
[WhiteTeam ""]
[BlackTeam ""]
[PlyCount "116"]
[TimeControl "720+1"]

1. e4 e6 2. d4 d5 3. Nc3 Nf6 4. e5 Nfd7 5. f4 c5 6. Nf3 Nc6 7. Be3 cxd4 
8. Nxd4 Qb6 9. Qd2 Qxb2 10. Rb1 Qa3 11. Bb5 Nxd4 12. Bxd4 a6 13. Bxd7+ Bxd7 
14. Rb3 Qe7 15. Rxb7 Rc8 16. O-O Qd8 17. f5 exf5 18. Qd3 Bc5 19. Bxc5 Rxc5 
20. Nxd5 Bc8 21. Re7+ Kf8 22. Qa3 Qa5 23. Qxa5 Rxa5 24. Rc7 Be6 25. Nf4 Rxe5 
26. Nxe6+ Rxe6 27. Rxf5 Re7 28. Rc8+ Re8 29. Rc7 Re7 30. Rc8+ Re8 31. Rfc5 Ke7 
32. R8c6 g6 33. Kf2 Ra8 34. Rc7+ Kf6 35. Rc3 Kg7 36. Rf3 Rhf8 37. Ke3 Rad8 
38. h4 Rd6 39. g4 Rd1 40. g5 Rh1 41. Rf4 h6 42. gxh6+ Kxh6 43. Rcxf7 Rh3+ 
44. Rf3 Re8+ 45. Kd2 Rxh4 46. R7f6 Rh2+ 47. Kc1 Rc8 48. Rg3 Rcxc2+ 49. Kd1 Rb2 
50. Rfxg6+ Kh7 51. Rg7+ Kh8 52. Rg8+ Kh7 53. R3g7+ Kh6 54. Rg6+ Kh7 
55. R8g7+ Kh8 56. Rg8+ Kh7 57. R8g7+ Kh8 58. Rg8+ Kh7 1/2-1/2

[Event "Monday 29 January Rapid Engine Tour 12+1 Rounds 9 Starts 1600 ST"]
[Site "Infinity Chess"]
[Date "2018.1.29"]
[Round "4"]
[White "Vimtiroba"]
[Black "MarioDeMonti"]
[Result "1/2-1/2"]
[ECO "B50"]
[WhiteElo "2471"]
[BlackElo "2463"]
[WhiteEngine "SF@Infinity_CTG"]
[BlackEngine "stockfish_x64_bmi2_2018_01_13_CTG"]
[EventType "Swiss"]
[WhiteTeam ""]
[BlackTeam ""]
[PlyCount "167"]
[TimeControl "720+1"]

1. e4 c5 2. Nf3 d6 3. Nc3 a6 4. d4 cxd4 5. Nxd4 Nf6 6. Be3 e5 7. Nb3 Be6 
8. Be2 Be7 9. O-O O-O 10. Qd3 Nbd7 11. Nd5 Bxd5 12. exd5 b6 13. Bd2 Qc7 
14. Rac1 a5 15. a4 Nc5 16. Nxc5 Qxc5 17. Qb5 Rab8 18. Qxc5 dxc5 19. Bc3 Nxd5 
20. Bxe5 Rbd8 21. Rcd1 Bf6 22. Bxf6 Nxf6 23. g3 Ne4 24. Rfe1 g6 25. Ba6 Ng5 
26. Kg2 Kg7 27. Bc4 Kf6 28. c3 Ne6 29. h4 h5 30. Kf3 Rg8 31. Bb3 Ng7 
32. Bc4 Rgf8 33. Bb5 Ne6 34. Rf1 Rg8 35. Be2 Rgf8 36. Bc4 Rfe8 37. Bb5 Rh8 
38. Bc4 Rhe8 39. Rfe1 Rg8 40. Bb5 Rgf8 41. Ke2 Rg8 42. Ke3 Nc7 43. Bc4 Rde8+ 
44. Kd2 Rxe1 45. Kxe1 Re8+ 46. Be2 Ke7 47. Rd3 Rc8 48. Re3+ Kf6 49. Bc4 Rf8 
50. Rd3 Ke7 51. Ke2 Ne8 52. Bd5 Nd6 53. Ke3 Rb8 54. Rd1 Rd8 55. Kf4 b5 
56. axb5 Nxb5 57. f3 a4 58. Re1+ Kf6 59. Bc4 Nd6 60. Rd1 Ke7 61. Re1+ Kf6 
62. Rd1 Ke7 63. Bd3 Rb8 64. Rb1 Kf6 65. Bc2 Nb5 66. g4 hxg4 67. fxg4 Kg7 
68. Kg5 Nd6 69. Kf4 Nb5 70. Bd3 c4 71. Be4 Rb6 72. g5 Rd6 73. Rc1 Rd2 
74. Rc2 Rxc2 75. Bxc2 a3 76. bxa3 Nxa3 77. Be4 Nb5 78. Bd5 Nxc3 79. Bxc4 f6 
80. Kg3 fxg5 81. hxg5 Ne4+ 82. Kf4 Nf2 83. Bf1 Nd1 84. Be2 1/2-1/2

[Event "Monday 29 January Rapid Engine Tour 12+1 Rounds 9 Starts 1600 ST"]
[Site "Infinity Chess"]
[Date "2018.1.29"]
[Round "4"]
[White "MCDermont"]
[Black "Eman"]
[Result "1/2-1/2"]
[ECO "C55"]
[WhiteElo "2490"]
[BlackElo "2489"]
[WhiteEngine "BrainFish 060118_CTG"]
[BlackEngine "Eman 1.68c 64-bit POPCNT"]
[EventType "Swiss"]
[WhiteTeam ""]
[BlackTeam ""]
[PlyCount "134"]
[TimeControl "720+1"]

1. e4 e5 2. Nf3 Nc6 3. Bc4 Nf6 4. d3 Bc5 5. c3 a5 6. Bg5 h6 7. Bh4 g5 8. Bg3 d6 
9. O-O O-O 10. Bb3 g4 11. Nh4 Nh5 12. a4 Qg5 13. Na3 Bd7 14. Re1 Qf6 
15. Kh1 Rad8 16. Nc2 Qg7 17. Rf1 Bb6 18. Na3 Kh8 19. Qe2 Qg5 20. Nc4 Bc5 
21. Rae1 Ba7 22. Bc2 Be6 23. Qd1 Bc5 24. Ne3 Bxe3 25. fxe3 Nxg3+ 26. hxg3 Ne7 
27. d4 Ng6 28. Nf5 h5 29. Kg1 Ne7 30. Qe2 b6 31. b4 Rg8 32. bxa5 bxa5 
33. dxe5 dxe5 34. Qb5 Bxf5 35. Qxe5+ f6 36. Qxe7 Rd7 37. Qc5 Bg6 38. Qc6 Rd6 
39. Qxc7 Qe5 40. c4 Rg7 41. Qb8+ Rg8 42. Qc7 Rg7 43. Qb8+ Rg8 44. Qb5 Rgd8 
45. c5 Rd2 46. Re2 Kg7 47. Rxd2 Rxd2 48. Rf2 Qxg3 49. Rxd2 Qe1+ 50. Kh2 Qxd2 
51. Bd3 Qxe3 52. Qd7+ Kh6 53. Qd6 Kg5 54. c6 Qf2 55. Qd5+ Kh6 56. Qd6 Kg5 
57. Qd5+ Kf4 58. Qe6 Qg3+ 59. Kg1 Qe3+ 60. Kh2 Qg3+ 61. Kg1 Qxd3 62. Qxf6+ Ke3 
63. Qxg6 Qb1+ 64. Kh2 Qb8+ 65. Kg1 Qb1+ 66. Kh2 Qb8+ 67. Kg1 Qb1+ 1/2-1/2

[Event "Monday 29 January Rapid Engine Tour 12+1 Rounds 9 Starts 1600 ST"]
[Site "Infinity Chess"]
[Date "2018.1.29"]
[Round "4"]
[White "ivrdurant"]
[Black "KULLANI"]
[Result "1/2-1/2"]
[ECO "C50"]
[WhiteElo "2384"]
[BlackElo "2416"]
[WhiteEngine "Raubfisch X37b3._CTG"]
[BlackEngine "BrainFish_180124_x64_CTG"]
[EventType "Swiss"]
[WhiteTeam ""]
[BlackTeam ""]
[PlyCount "97"]
[TimeControl "720+1"]

1. e4 e5 2. Nf3 Nc6 3. Bc4 Bc5 4. O-O Nf6 5. d3 d6 6. c3 a5 7. Bg5 Ba7 
8. Nbd2 h6 9. Bh4 g5 10. Bg3 O-O 11. Bb3 Be6 12. a4 Nd7 13. Bxe6 fxe6 
14. Qb3 Nc5 15. Qb5 g4 16. Nh4 Bb6 17. Qc4 Qd7 18. d4 exd4 19. cxd4 Na6 
20. Nb3 Rae8 21. Rad1 Nab4 22. Ng6 Rf7 23. Nc5 Qc8 24. d5 exd5 25. exd5 Bxc5 
26. dxc6 Qf5 27. Nh4 Qe4 28. Qc1 Nd3 29. Qd2 Nxf2 30. Bxf2 Rxf2 31. Rxf2 Rf8 
32. cxb7 Rxf2 33. Kh1 Rxd2 34. b8=Q+ Kf7 35. Qxc7+ Kg8 36. Qb8+ Kf7 37. Qc7+ Kg8 
38. Qb8+ Kf7 39. Rf1+ Rf2 40. Qc7+ Kf8 41. Rxf2+ Bxf2 42. Qc8+ Kf7 43. Qc7+ Ke6 
44. Qc8+ Kd5 45. Qa8+ Ke5 46. Qh8+ Kd5 47. Qa8+ Ke5 48. Qh8+ Kd5 49. Qa8+ 
1/2-1/2

[Event "Monday 29 January Rapid Engine Tour 12+1 Rounds 9 Starts 1600 ST"]
[Site "Infinity Chess"]
[Date "2018.1.29"]
[Round "4"]
[White "CrapCleaner"]
[Black "KhalidOmar"]
[Result "1/2-1/2"]
[ECO "C55"]
[WhiteElo "2414"]
[BlackElo "2468"]
[WhiteEngine "Raubfisch ME262_GTZ16b4_CTG"]
[BlackEngine "Eman 1.68c 64-bit BMI2"]
[EventType "Swiss"]
[WhiteTeam ""]
[BlackTeam ""]
[PlyCount "133"]
[TimeControl "720+1"]

1. e4 e5 2. Nf3 Nc6 3. Bc4 Nf6 4. d3 Bc5 5. O-O a5 6. c3 d6 7. Bg5 O-O 8. a4 h6 
9. Bh4 g5 10. Bg3 Kg7 11. Na3 Ne7 12. Re1 Ng6 13. Nc2 Bb6 14. d4 Nxe4 
15. Rxe4 f5 16. Re1 f4 17. Bd3 fxg3 18. fxg3 g4 19. Nd2 Be6 20. Kh1 Qg5 
21. c4 c6 22. Ne4 Qe7 23. Be2 h5 24. dxe5 dxe5 25. Qd3 Rad8 26. Qc3 Bf5 
27. c5 Bxe4 28. cxb6 Bxc2 29. Qxc2 e4 30. Bc4 Rd4 31. Re3 Qc5 32. Rxe4 Qf5 
33. Rae1 Ne5 34. h3 gxh3 35. b3 Rfd8 36. Bf1 Rf8 37. Bc4 Rfd8 38. Bf1 Kg6 
39. R4e2 Qxc2 40. Rxc2 hxg2+ 41. Rxg2 R4d5 42. Rge2 Nf3 43. Re6+ Kg5 
44. R1e3 Nd4 45. R3e5+ Rxe5 46. Rxe5+ Kf6 47. Rxa5 Nxb3 48. Ra7 Nc5 49. a5 Rd1 
50. Kg2 Rb1 51. Ra8 Rb2+ 52. Kg1 Rb1 53. Kh2 Rb2+ 54. Kh3 Ne6 55. Kh4 Rh2+ 
56. Bh3 Ng5 57. Rf8+ Ke7 58. Ra8 Nxh3 59. a6 bxa6 60. b7 Kf6 61. g4 Ng5+ 
62. Kg3 Rh3+ 63. Kg2 Rb3 64. b8=Q Rxb8 65. Rxb8 hxg4 66. Rc8 Ke7 67. Rxc6 
1/2-1/2

[Event "Monday 29 January Rapid Engine Tour 12+1 Rounds 9 Starts 1600 ST"]
[Site "Infinity Chess"]
[Date "2018.1.29"]
[Round "4"]
[White "Ninja_Bp"]
[Black "SkyPilot"]
[Result "1/2-1/2"]
[ECO "A06"]
[WhiteElo "2463"]
[BlackElo "2487"]
[WhiteEngine "Houdini 6_CTG"]
[BlackEngine "stockfish_x64_bmi2_2018_01_13_CTG"]
[EventType "Swiss"]
[WhiteTeam ""]
[BlackTeam ""]
[PlyCount "129"]
[TimeControl "720+1"]

1. Nf3 d5 2. d4 Nf6 3. c4 e6 4. Nc3 c6 5. e3 Nbd7 6. Bd3 dxc4 7. Bxc4 b5 
8. Be2 Bb7 9. O-O a6 10. e4 c5 11. e5 Nd5 12. a4 b4 13. Nxd5 Bxd5 14. Be3 Be7 
15. Rc1 Qa5 16. Bc4 Bxc4 17. Rxc4 Nb6 18. Rc1 c4 19. d5 Nxd5 20. Rxc4 Rd8 
21. Bd4 O-O 22. Qc2 Rd7 23. g3 g6 24. b3 Ra8 25. h4 Qd8 26. Rc1 Kg7 27. Qe4 Qb8 
28. h5 gxh5 29. Kg2 h6 30. Rh1 Qg8 31. Rxh5 Qh7 32. Qxh7+ Kxh7 33. Rh1 Kg6 
34. Bb2 Rc7 35. Rxc7 Nxc7 36. Rc1 Nd5 37. Kf1 h5 38. Rc4 a5 39. Ke2 Bd8 
40. Bd4 Kf5 41. Bc5 Kg6 42. Nd4 Nc3+ 43. Kd3 Nd1 44. Rc2 Nc3 45. Nf3 Rc8 
46. Bd4 Rc7 47. Bxc3 Rxc3+ 48. Rxc3 bxc3 49. Kxc3 Bb6 50. b4 axb4+ 51. Kxb4 Bxf2 
52. a5 Kf5 53. Kc4 Ke4 54. Ng5+ Kf5 55. Nf3 Ke4 56. Ng5+ Kf5 57. Nxf7 Bxg3 
58. Kd3 h4 59. Ke2 h3 60. Kf3 h2 61. Kg2 h1=N 62. Kxh1 Be1 63. a6 Bf2 
64. a7 Bxa7 65. Kh2 1/2-1/2

[Event "Monday 29 January Rapid Engine Tour 12+1 Rounds 9 Starts 1600 ST"]
[Site "Infinity Chess"]
[Date "2018.1.29"]
[Round "3"]
[White "Satria_Ungu"]
[Black "hafaba"]
[Result "1/2-1/2"]
[ECO "A40"]
[WhiteElo "2351"]
[BlackElo "2468"]
[WhiteEngine "Houdini 6_CTG"]
[BlackEngine "SF SL FA 26012018 POPCNT_CTG"]
[EventType "Swiss"]
[WhiteTeam ""]
[BlackTeam ""]
[PlyCount "120"]
[TimeControl "720+1"]

1. d4 c6 2. e4 d5 3. Nc3 dxe4 4. Nxe4 Bf5 5. Ng3 Bg6 6. Nf3 Nf6 7. Bd3 e6 
8. Qe2 Bxd3 9. Qxd3 Be7 10. O-O c5 11. b3 O-O 12. Bb2 Nc6 13. Rad1 Qa5 
14. dxc5 Rfd8 15. Qe2 Qxc5 16. h3 Rac8 17. c4 a6 18. Rfe1 h6 19. Rf1 b5 
20. Rxd8+ Rxd8 21. Rc1 Qb6 22. c5 Qc7 23. Ne5 Nd5 24. Nxc6 Qxc6 25. Qf3 Bg5 
26. Rc2 a5 27. a3 Qc7 28. c6 Bf4 29. Qg4 Be5 30. Bxe5 Qxe5 31. Rc5 Qc7 
32. Rxb5 Qxc6 33. Qc4 Qxc4 34. bxc4 Nf4 35. Rxa5 f5 36. Ra7 Rc8 37. Ra4 Kf7 
38. c5 g5 39. Rc4 Ke7 40. Nf1 Nd3 41. Nd2 Rxc5 42. Rxc5 Nxc5 43. Nc4 f4 
44. Kf1 Kf6 45. g4 Kg6 46. Ke2 Kf7 47. f3 Kf6 48. Kd2 e5 49. Nd6 Nb3+ 
50. Kd3 Nd4 51. Ke4 Ke6 52. Nc4 Nb5 53. Kd3 Kd5 54. Nb6+ Ke6 55. a4 Nd4 
56. a5 Nc6 57. Nc4 Kd5 58. Nb6+ Ke6 59. Nc4 Kd5 60. Nb6+ Ke6 1/2-1/2

[Event "Monday 29 January Rapid Engine Tour 12+1 Rounds 9 Starts 1600 ST"]
[Site "Infinity Chess"]
[Date "2018.1.29"]
[Round "3"]
[White "star99"]
[Black "Thinker"]
[Result "1/2-1/2 "]
[ECO "C77"]
[WhiteElo "2374"]
[BlackElo "2388"]
[WhiteEngine "Cryptic AIL V2"]
[BlackEngine "BrainFish_180128_x64_modern_CTG"]
[EventType "Swiss"]
[WhiteTeam ""]
[BlackTeam ""]
[PlyCount "329"]
[TimeControl "720+1"]

1. e4 e5 2. Nf3 Nc6 3. Bb5 a6 4. Ba4 Nf6 5. d3 Bc5 6. O-O b5 7. Bb3 d6 8. c3 O-O 
9. Nbd2 Bb6 10. a4 Bd7 11. Bc2 Ne7 12. d4 Ng6 13. Re1 c5 14. dxe5 dxe5 
15. Nf1 h6 16. Ne3 Be6 17. Nd5 Rb8 18. h3 Re8 19. axb5 axb5 20. Nxb6 Qxb6 
21. Nh2 b4 22. Qf3 Ra8 23. Rxa8 Rxa8 24. Nf1 b3 25. Bb1 Nh7 26. Ng3 c4 
27. Nf5 Qc7 28. h4 Kh8 29. Be3 Rd8 30. Kf1 Re8 31. Rd1 Rd8 32. Re1 Ra8 
33. g3 Rd8 34. Qg4 Nf6 35. Qf3 Nh7 36. Qe2 Rd7 37. Kg1 Qa5 38. Rf1 Nf6 
39. Kh2 Qa8 40. f3 Kg8 41. Bf2 Qd8 42. Be3 Ne7 43. Rg1 Qc7 44. Qg2 Qd8 
45. Qe2 Qc7 46. Qg2 Nh5 47. Qf2 Qd8 48. Bc1 Qa5 49. Qg2 Qd8 50. Qe2 Nxf5 
51. exf5 Bd5 52. Be3 Qa8 53. Rf1 Bb7 54. Bb6 Nf6 55. Be3 Qc8 56. g4 e4 
57. fxe4 Re7 58. Rf4 Qc7 59. Kg2 Nxe4 60. Bxe4 Bxe4+ 61. Kf2 f6 62. Kg3 Bd3 
63. Qf2 Qb8 64. h5 Kh7 65. Qd2 Qe8 66. Rf3 Be4 67. Rf2 Bxf5 68. Bc5 Rd7 
69. Re2 Qc8 70. Qf4 Bd3 71. Re7 Rxe7 72. Bxe7 Qc6 73. Qd4 Qh1 74. Bc5 Qe1+ 
75. Qf2 Qe5+ 76. Kh4 f5 77. Bd4 Qd5 78. gxf5 Bxf5 79. Kg3 Be6 80. Qe3 Bf7 
81. Qf3 Qxf3+ 82. Kxf3 Bxh5+ 83. Kf2 Bg6 84. Ke3 Kg8 85. Bc5 Bf5 86. Ba3 Bd3 
87. Bb4 Bg6 88. Ba3 Bf5 89. Bb4 Bc2 90. Ba3 g5 91. Bd6 Kg7 92. Bh2 Kg8 
93. Bg1 Kh7 94. Kf3 h5 95. Bf2 Bf5 96. Be1 Kh6 97. Bg3 Kg6 98. Kf2 Be6 
99. Bd6 Bd7 100. Ke3 Bf5 101. Bh2 h4 102. Kf3 Bd3 103. Bd6 Bf1 104. Ba3 Bh3 
105. Bb4 Be6 106. Ba3 Bc8 107. Bb4 Kh5 108. Bd6 Bg4+ 109. Kf2 Be6 110. Kf3 Bf5 
111. Kf2 Be6 112. Kf3 Bd5+ 113. Kf2 Bb7 114. Bc5 Be4 115. Bd4 Bf5 116. Kg2 Bd3 
117. Kf3 Bc2 118. Bb6 Bd3 119. Bc7 Bc2 120. Kg2 Bd1 121. Kf2 Bc2 122. Bd6 Bb1 
123. Kg2 Bc2 124. Bc7 Bd3 125. Kf2 Kh6 126. Bd8 Bf5 127. Ba5 Bg4 128. Bd8 Bc8 
129. Ba5 Bg4 130. Bd8 Bc8 131. Ke3 Bf5 132. Ba5 Bg4 133. Bb4 Be6 134. Be7 Bd5 
135. Bd8 Bc6 136. Kf2 Bb5 137. Be7 Kg6 138. Kg2 Ba6 139. Kf3 Bb5 140. Bd8 Bd7 
141. Bc7 Be6 142. Bd8 Kh5 143. Bc7 Bd5+ 144. Kf2 g4 145. Ke3 g3 146. Kf4 g2 
147. Bb6 h3 148. Bg1 Be6 149. Bh2 Bc8 150. Bg1 Be6 151. Bh2 Kh6 152. Bg1 Bd7 
153. Kg3 Kg5 154. Bc5 Bf5 155. Bg1 Bg4 156. Bf2 Bd7 157. Be3+ Kf6 158. Bd4+ Kg5 
159. Bg1 Be6 160. Be3+ Kh5 161. Bd4 Bd7 162. Bg1 Bg4 163. Kf4 Bd7 164. Bh2 Bg4 
165. Bg1 1/2-1/2

[Event "Monday 29 January Rapid Engine Tour 12+1 Rounds 9 Starts 1600 ST"]
[Site "Infinity Chess"]
[Date "2018.1.29"]
[Round "3"]
[White "angriff"]
[Black "Dovahkiin"]
[Result "1/2-1/2"]
[ECO "D31"]
[WhiteElo "2403"]
[BlackElo "2388"]
[WhiteEngine "Stockfish SL FA POPCNT_CTG"]
[BlackEngine "BrainFish_180128_x64_modern_CTG"]
[EventType "Swiss"]
[WhiteTeam ""]
[BlackTeam ""]
[PlyCount "138"]
[TimeControl "720+1"]

1. d4 d5 2. c4 e6 3. Nc3 c6 4. e4 dxe4 5. Nxe4 Bb4+ 6. Nc3 c5 7. Nf3 Nf6 
8. Be2 Ne4 9. Qd3 cxd4 10. Nxd4 Nxc3 11. bxc3 Bc5 12. Qg3 O-O 13. O-O Bd6 
14. Qd3 Bc5 15. Bf4 f6 16. Bf3 e5 17. Bd5+ Kh8 18. Nb3 Nd7 19. Bg3 Bb6 
20. Rae1 Qe7 21. a4 Nc5 22. Nxc5 Qxc5 23. Kh1 Bd7 24. f4 exf4 25. Rxf4 Rae8 
26. Ref1 Qe3 27. Qb1 Qxc3 28. Rh4 f5 29. Bd6 Qf6 30. Bxf8 Qxh4 31. Bd6 Ba5 
32. c5 Bc6 33. Bxc6 bxc6 34. Qxf5 h6 35. Bg3 Qe4 36. Qd7 Re7 37. Qd1 Kh7 
38. h3 Bb4 39. Bd6 Re8 40. Rf4 Qxf4 41. Bxf4 Re1+ 42. Qxe1 Bxe1 43. Bb8 a6 
44. g4 Bc3 45. Kg2 Bb4 46. Bd6 Kg6 47. Kf3 Kf6 48. h4 Bc3 49. Ke4 Be1 50. h5 Bf2 
51. Be5+ Kf7 52. Bd6 Ke6 53. Kf3 Bd4 54. Ke4 Bf2 55. Be5 Kf7 56. Bd4 Bxd4 
57. Kxd4 Kf6 58. a5 Kf7 59. Ke5 Ke7 60. Kf5 Kf7 61. g5 hxg5 62. Kxg5 Ke7 
63. Kf5 Kf7 64. Ke5 Ke7 65. Kf5 Kf7 66. Kg5 Ke7 67. Kf4 Kf6 68. Kg4 Ke6 
69. Kg5 Ke7 1/2-1/2